 Dungeon Crawl Stone Soup version 0.29-a0-553-g81b289dbe5 (webtiles) character file.

Game seed: 8069767959075311413

190 thewiebster the Vexing (level 5, -2/41 HPs)
             Began as a Gnoll Arcane Marksman on June 6, 2022.
             Slain by a black bear (6 damage)
             ... on level 4 of the Dungeon.
             The game lasted 00:07:31 (3331 turns).

thewiebster the Vexing (Gnoll Arcane Marksman)      Turns: 3331, Time: 00:07:31

Health: -2/41      AC:  4    Str: 15    XL:     5   Next: 69%
Magic:  9/9        EV: 13    Int: 13    God:
Gold:   260        SH:  0    Dex: 14    Spells: 9/10 levels left

rFire   + . .      SeeInvis .   a - +2 whip (freeze)
rCold   + . .      Faith    .   (no shield)
rNeg    . . .      Spirit   .   s - +0 leather armour
rPois   .          Reflect  .   (no helmet)
rElec   .          Harm     .   t - scarf {rC+ rF+}
rCorr   .          Rampage  .   (no gloves)
Will    .....                   A - +0 pair of boots
Stlth   ++........              (no amulet)
HPRegen 0.13/turn               k - +6 ring of strength
MPRegen 0.11/turn               (no ring)

@: no status effects
A: fangs 1, strong nose, distributed training
a: no special abilities


You were on level 4 of the Dungeon.
You visited 1 branch of the dungeon, and saw 4 of its levels.

You collected 260 gold pieces.

Inventory:

Hand Weapons
 a - a +2 whip of freezing (weapon)
 q - a +1 hand crossbow
Missiles
 e - 94 stones
 g - 12 poisoned darts (quivered)
 x - 3 boomerangs
Armour
 s - a +0 leather armour (worn)
 t - a scarf of resistance (worn)
 A - a +0 pair of boots (worn)
Jewellery
 k - a +6 ring of strength (left hand)
 y - a +6 ring of dexterity
Scrolls
 c - a scroll of vulnerability
 h - a scroll of enchant weapon
 i - 2 scrolls of magic mapping {unknown}
 l - a scroll of noise {unknown}
 n - a scroll of poison {unknown}
 o - a scroll of torment {unknown}
 p - a scroll of enchant armour {unknown}
 w - a scroll of amnesia {unknown}
 z - a scroll of blinking {unknown}
 B - a scroll of teleportation
Potions
 b - 5 potions of curing {unknown}
 d - 2 potions of resistance {unknown}
 f - 2 potions of attraction {unknown}
 j - a potion of ambrosia {unknown}
 m - 2 potions of heal wounds {unknown}
 r - a potion of haste {unknown}
 u - a potion of flight {unknown}
 v - a potion of degeneration {unknown}


   Skills:
 + Level 3.0 Fighting
 + Level 1.6 Short Blades
 + Level 1.6 Long Blades
 + Level 1.6 Axes
 + Level 1.6 Maces & Flails
 + Level 1.6 Polearms
 + Level 1.6 Staves
 + Level 1.6 Slings
 + Level 1.6 Bows
 + Level 4.8 Crossbows
 + Level 1.6 Throwing
 + Level 1.6 Armour
 + Level 4.8 Dodging
 + Level 1.6 Stealth
 + Level 1.6 Shields
 + Level 1.6 Unarmed Combat
 + Level 3.2 Spellcasting
 + Level 1.2 Conjurations
 + Level 5.5 Hexes
 + Level 1.2 Summonings
 + Level 1.2 Necromancy
 + Level 1.2 Translocations
 + Level 1.2 Transmutations
 + Level 1.2 Fire Magic
 + Level 1.2 Ice Magic
 + Level 1.2 Air Magic
 + Level 1.2 Earth Magic
 + Level 1.2 Poison Magic
 + Level 1.8 Invocations
 + Level 1.6 Evocations


You had 9 spell levels left.
You knew the following spells:

 Your Spells              Type           Power      Damage    Failure   Level
a - Slow                  Hex            64%        N/A       2%          1

Your spell library contained the following spells:

 Spells                   Type           Power      Damage    Failure   Level
 Inner Flame              Hex/Fire       11%        N/A       21%         3
 Portal Projectile        Hex/Tloc       22%        N/A       21%         3
 Cause Fear               Hex            8%         N/A       28%         4
 Ozocubu's Armour         Ice            5%         N/A       43%         3
 Metabolic Englaciation   Hex/Ice        5%         N/A       88%         5
 Simulacrum               Ice/Necr       2%         N/A       100%        6


Dungeon Overview and Level Annotations

Branches:
Dungeon (4/15)             Temple (0/1) D:4

Altars:
Zin

Shops:
D:3 [


Innate Abilities, Weirdness & Mutations

You have very sharp teeth.
Your uncanny sense of smell can sniff out nearby items.
Your experience applies equally to all skills.


Message History

The poisoned dart barely misses the black bear.
The black bear attacks as you move away!
The black bear bites you but does no damage.
The black bear closely misses you. The black bear claws you.
The black bear attacks as you move away!
The black bear bites you. The black bear barely misses you.
The black bear closely misses you.
The black bear looks more healthy.
The black bear attacks as you move away!
The black bear bites you but does no damage.
The black bear barely misses you. x2
Your +2 whip of freezing glows with a cold blue light!
a - a +2 whip of freezing (weapon)
The black bear bites you. The black bear barely misses you.
The black bear claws you.
You hit the black bear. You freeze the black bear.
The black bear is moderately wounded.
The black bear bites you. The black bear claws you.
The black bear claws you but does no damage.
You hit the black bear. You freeze the black bear. You bite the black bear.
The black bear is heavily wounded.
The black bear misses you. The black bear barely misses you.
The black bear closely misses you.
You whack the black bear! You freeze the black bear.
The black bear is almost dead.
The black bear goes berserk!
You barely miss the black bear.
You bite the black bear, but do no damage.
The black bear is severely wounded.
The black bear bites you. The black bear closely misses you. x2
You hit the black bear. You freeze the black bear.
You bite the black bear, but do no damage.
The black bear is almost dead.
The black bear bites you but does no damage.
The black bear barely misses you. The black bear claws you.
The black bear bites you!
* * * LOW HITPOINT WARNING * * *
The black bear claws you but does no damage.
The black bear claws you.
You die...

#....................#
#####.....##..#####......#
..........#......##......#
..........#......##......#
.....)...##......##......#
.........#.......# ......#
.........#.......##.#####
.........#............#
.........#......@.....#
...[..####...#..h.....#
......# #...#........#
......####...#........#
...............#.##.###
...............#..#.#
.###...........##.# # .
#...........##.?.#
#...........###..#


You could see a black bear (berserk).

Vanquished Creatures
  An orc priest (D:4)
  An iguana (D:4)
  A gnoll (D:1)
  4 adders
  A worm (D:2)
  9 orcs
  6 endoplasms
  5 giant cockroaches
  4 goblins
  7 hobgoblins
  5 jackals
  2 quokkas (D:3)
  9 ball pythons
  6 bats
  3 frilled lizards
  4 kobolds
  4 rats
72 creatures vanquished.

Notes
Turn   | Place    | Note
-------+----------+-------------------------------------------
     0 | D:1      | thewiebster the Gnoll Arcane Marksman began the quest for
                  | the Orb.
     0 | D:1      | Reached XP level 1. HP: 17/17 MP: 4/4
    60 | D:1      | Found a faded altar of an unknown god.
   198 | D:1      | Reached XP level 2. HP: 19/23 MP: 5/5
   587 | D:1      | Reached XP level 3. HP: 19/28 MP: 7/7
  1242 | D:2      | Reached skill level 1 in Invocations
  1575 | D:2      | Reached skill level 1 in Short Blades
  1575 | D:2      | Reached skill level 1 in Long Blades
  1575 | D:2      | Reached skill level 1 in Axes
  1575 | D:2      | Reached skill level 1 in Maces & Flails
  1575 | D:2      | Reached skill level 1 in Polearms
  1575 | D:2      | Reached skill level 1 in Staves
  1575 | D:2      | Reached skill level 1 in Slings
  1575 | D:2      | Reached skill level 1 in Bows
  1575 | D:2      | Reached skill level 1 in Throwing
  1575 | D:2      | Reached skill level 1 in Armour
  1575 | D:2      | Reached skill level 1 in Stealth
  1575 | D:2      | Reached skill level 1 in Shields
  1575 | D:2      | Reached skill level 1 in Unarmed Combat
  1575 | D:2      | Reached skill level 1 in Evocations
  1608 | D:2      | Reached XP level 4. HP: 32/34 MP: 8/8
  1985 | D:3      | Found a glowing silver altar of Zin.
  2226 | D:3      | Reached skill level 1 in Conjurations
  2226 | D:3      | Reached skill level 1 in Summonings
  2226 | D:3      | Reached skill level 1 in Necromancy
  2226 | D:3      | Reached skill level 1 in Translocations
  2226 | D:3      | Reached skill level 1 in Transmutations
  2226 | D:3      | Reached skill level 1 in Fire Magic
  2226 | D:3      | Reached skill level 1 in Ice Magic
  2226 | D:3      | Reached skill level 1 in Air Magic
  2226 | D:3      | Reached skill level 1 in Earth Magic
  2226 | D:3      | Reached skill level 1 in Poison Magic
  2612 | D:3      | Found Bugobb's Armour Emporium.
  2785 | D:4      | Reached XP level 5. HP: 40/40 MP: 9/9
  2786 | D:4      | Found a staircase to the Ecumenical Temple.
  2796 | D:4      | Noticed a black bear
  3331 | D:4      | Slain by a black bear

Illustrated notes

Levels and vault maps discovered:
D:1:      tarquinn_simple_flora_water_a, layout_loops_corners,
          shapermc_ecumenical_altar_pompeii
D:2:      layout_loops_ring, minmay_hexomino_u4
D:3:      layout_rooms, overflow_temple_1_default, serial_shops, shop_fountains
D:4:      layout_basic, minmay_temple_entry_trees, serial_shops, shop

Skill      XL: |  1  2  3  4  5 |
---------------+----------------+-----
Invocations    | 1 |  1.8
Short Blades   | 1 |  1.6
Long Blades    | 1 |  1.6
Axes           | 1 |  1.6
Maces & Flails | 1 |  1.6
Polearms       | 1 |  1.6
Staves         | 1 |  1.6
Slings         | 1 |  1.6
Bows           | 1 |  1.6
Throwing       | 1 |  1.6
Armour         | 1 |  1.6
Stealth        | 1 |  1.6
Shields        | 1 |  1.6
Unarmed Combat | 1 |  1.6
Evocations     | 1 |  1.6
Spellcasting   | 3 |  3.2
Conjurations   | 1 |  1.2
Summonings     | 1 |  1.2
Necromancy     | 1 |  1.2
Translocations | 1 |  1.2
Transmutations | 1 |  1.2
Fire Magic     | 1 |  1.2
Ice Magic      | 1 |  1.2
Air Magic      | 1 |  1.2
Earth Magic    | 1 |  1.2
Poison Magic   | 1 |  1.2
Fighting       | 3 |  3.0
Crossbows      | |  4.8
Dodging        | |  4.8
Hexes          | |  5.5

Action                   |  1- 3 |  4- 6 || total
-------------------------+-------+-------++-------
Melee: Whip              |    18 |    21 ||    39
       Bite              |     3 |     3 ||     6
 Fire: Hand crossbow     |   121 |    88 ||   209
Throw: Dart              |       |    13 ||    13
  Use: Scroll            |     4 |     1 ||     5
Armor: Robe              |    24 |       ||    24
       Leather armour    |       |    12 ||    12
Dodge: Dodged            |    60 |    59 ||   119

Table legend: (Time is in decaauts)
 A = Elapsed time spent in this place.
 B = Non-inter-level travel time spent in this place.
 C = Inter-level travel time spent in this place.
 D = Time resting spent in this place.
 E = Time spent auto-exploring this place.
 F = Levels seen in this place.
 G = Mean time per level.
                   A        B        C        D        E       F      G
               +--------+--------+--------+--------+--------+-----+--------+
         Total |   3381 |   3306 |     75 |    564 |   2201 |   4 |  845.2 |
       Dungeon |   3381 |   3306 |     75 |    564 |   2201 |   4 |  845.2 |
               +--------+--------+--------+--------+--------+-----+--------+

Top non-repeatable levels by time:
     D:1: 1223 daAuts
     D:3: 857 daAuts
     D:2: 736 daAuts
     D:4: 565 daAuts
